 Dungeon Crawl Stone Soup version 0.30-a0-368-g86fb4627a9 (webtiles) character file.

Game seed: 14993723644304477171

75 mopl the Magician (level 4, -18/33 HPs)
             Began as a Draconian Fire Elementalist on Nov 19, 2022.
             Blown up by Ijyb (20 damage)
             ... with a mindburst bolt
             ... on level 3 of the Dungeon.
             The game lasted 00:02:40 (1517 turns).

mopl the Magician (Draconian Fire Elementalist)     Turns: 1517, Time: 00:02:41

Health: -18/33     AC:  8    Str: 11    XL:     4   Next: 11%
Magic:  0/8        EV: 12    Int: 17    God:
Gold:   79         SH:  0    Dex: 11    Spells: 3/9 levels left

rFire   . . .      SeeInvis .    (no weapon)
rCold   . . .      Faith    .    (no shield)
rNeg    . . .      Spirit   .    (body armour unavailable)
rPois   .          Reflect  .    p - +2 hat
rElec   .          Harm     .    (no cloak)
rCorr   .          Rampage  .    c - +0 pair of gloves
Will    .....                    (no boots)
Stlth   ++........               (no amulet)
HPRegen 0.25/turn                (no ring)
MPRegen 0.11/turn                (no ring)

@: no status effects
A: AC +5, unfitting armour, cold-blooded
a: no special abilities


You were on level 3 of the Dungeon.
You visited 1 branch of the dungeon, and saw 3 of its levels.

You collected 79 gold pieces.

Inventory:

Missiles
 d - 3 javelins
Armour
 c - a +0 pair of gloves (worn)
 k - a scarf of shadows
 p - a +2 hat (worn)
Jewellery
 g - a ring of ice
Scrolls
 e - a scroll of vulnerability {unknown}
 f - a scroll of blinking {unknown}
 h - a scroll of fear {unknown}
 i - a scroll of magic mapping {unknown}
 j - 2 scrolls of identify {unknown}
 l - a scroll of noise {unknown}
 m - 2 scrolls of poison {unknown}
Potions
 a - a potion of magic
 b - 5 potions of curing
 n - a potion of heal wounds {unknown}
 o - a potion of haste {unknown}
 q - a potion of berserk rage {unknown}


   Skills:
 - Level 1.7 Dodging
 - Level 1.7 Stealth
 + Level 3.1 Spellcasting
 + Level 2.6 Conjurations
 + Level 0.9 Translocations
 - Level 3.0 Fire Magic


You had 3 spell levels left.
You knew the following spells:

 Your Spells              Type           Power      Damage    Failure   Level
a - Foxfire               Conj/Fire      48%        2x1d6     5%          1
b - Scorch                Fire           24%        2d6       8%          2
c - Kindle Blastsparks    Fire/Tloc/Air  14%        2d11      30%         3

Your spell library contained the following spells:

 Spells                   Type           Power      Damage    Failure   Level
 Inner Flame              Hex/Fire       7%         N/A       28%         3
 Flame Wave               Conj/Fire      12%        2d6       47%         4
 Alistair's Intoxication  Tmut/Pois      1%         N/A       99%         5
 Borgnjor's Vile Clutch   Necr/Erth      1%         N/A       99%         5
 Eringya's Noxious Bog    Tmut/Pois      1%         N/A       100%        6


Dungeon Overview and Level Annotations

Branches:
Dungeon (3/15)

Altars:

Annotations:
D:3 Ijyb


Innate Abilities, Weirdness & Mutations

Your plain brown scales are hard. (AC +5)
You cannot fit into any form of body armour.
You are cold-blooded and may be slowed by cold attacks.


Message History

Ijyb hits you but does no damage.
You miscast Scorch.
You are very lightly contaminated with residual magic.
Nothing appears to happen.
Flames lash Ijyb.
Ijyb is lightly wounded.
Ijyb's fire resistance burns away.
Ijyb hits you but does no damage.
Flames lash Ijyb.
Ijyb is burned terribly!
Ijyb is moderately wounded.
Ijyb hits you but does no damage.
Flames lash Ijyb.
Ijyb is moderately wounded.
Ijyb zaps a wand.
Your mind is blasted!
You are out of magic!
You are out of magic!
You are out of magic!
It was a potion of curing.
You feel better. Ijyb hits you but does no damage.
You miss Ijyb. You tail-slap Ijyb, but do no damage.
Ijyb is moderately wounded.
Ijyb zaps a wand.
Your mind is blasted!
You hit Ijyb. You tail-slap Ijyb, but do no damage.
Ijyb is heavily wounded.
Ijyb hits you but does no damage.
You hit Ijyb but do no damage.
Ijyb is heavily wounded.
Ijyb hits you but does no damage.
Your magical contamination has completely faded away.
You hit Ijyb but do no damage.
Your tail-slap misses Ijyb.
Ijyb is heavily wounded.
Ijyb hits you with a +0 club.
* * * LOW HITPOINT WARNING * * *
You barely miss Ijyb.
Ijyb is heavily wounded.
Ijyb zaps a wand.
Your mind is blasted!
* * * LOW HITPOINT WARNING * * *
Casting: Scorch (safe; 8% risk of failure)
Confirm with . or Enter, or press ? or * to list all spells.
You conjure some foxfire!
Ijyb zaps a wand.
Your mind is blasted!
Ouch! That really hurt!
You die...

#......# #.#
+......# #)#
#......# #.#
##...### #.# ##...#
#.# .....# #.#
.....# #####.#
.....# #######.....#
.....# #..g@v...####
###'## #.#####..#
#.# #.###..# #.#
#......# #.########
.#.####.#
#........##.#.....<#
######......######.#
#.#..##..# #..
#.###.# # ####


You could see Ijyb (combustible, ally target).

Vanquished Creatures
  Robin (D:2)
  An adder (D:3)
  A worm (D:2)
  2 dart slugs (D:1)
  2 bats
  An endoplasm (D:2)
  3 giant cockroaches
  10 goblins
  8 hobgoblins
  7 ball pythons
  2 frilled lizards
  5 kobolds
  A rat (D:2)
44 creatures vanquished.

Vanquished Creatures (others)
  8 foxfires (D:1)
8 creatures vanquished.

Grand Total: 52 creatures vanquished

Notes
Turn   | Place    | Note
-------+----------+-------------------------------------------
     0 | D:1      | mopl the Draconian Fire Elementalist began the quest for
                  | the Orb.
     0 | D:1      | Reached XP level 1. HP: 14/14 MP: 3/3
   147 | D:1      | Reached XP level 2. HP: 20/20 MP: 3/5
   150 | D:1      | Learned a level 2 spell: Scorch
   265 | D:1      | Found a faded altar of an unknown god.
   502 | D:2      | Reached skill level 2 in Conjurations
   595 | D:2      | Reached XP level 3. HP: 26/26 MP: 7/7
   827 | D:2      | Learned a level 3 spell: Kindle Blastsparks
   830 | D:2      | Noticed Robin
   920 | D:2      | Killed Robin
   921 | D:2      | Reached skill level 3 in Spellcasting
  1336 | D:3      | Reached XP level 4. HP: 20/33 MP: 2/8
  1404 | D:3      | Noticed Ijyb
  1517 | D:3      | Blown up by Ijyb

Illustrated notes

Levels and vault maps discovered:
D:1:      shiori_arrival_whats_in_store_for_you, layout_rooms,
          nicolae_ecumenical_snake_handling
D:2:      layout_basic, uniq_robin
D:3:      layout_basic, grunt_decor_resistance, uniq_ijyb, uniq_grinder

Skill      XL: |  1  2  3 |
---------------+----------+-----
Conjurations   | 2 |  2.6
Spellcasting   | 3 |  3.1
Dodging        | |  1.7
Stealth        | |  1.7
Translocations | |  0.9
Fire Magic     | |  3.0

Action                   |  1- 3 |  4- 6 || total
-------------------------+-------+-------++-------
Melee: Unarmed           |   227 |    13 ||   240
       Tailslap          |    23 |     3 ||    26
 Cast: Foxfire           |     4 |     1 ||     5
       Scorch            |    24 |     4 ||    28
  Use: Potion            |       |     1 ||     1
 Stab: Distracted        |     1 |       ||     1
       Sleeping          |     1 |       ||     1
Armor: Skin              |    95 |     8 ||   103
Dodge: Dodged            |   179 |     7 ||   186

Table legend: (Time is in decaauts)
 A = Elapsed time spent in this place.
 B = Non-inter-level travel time spent in this place.
 C = Inter-level travel time spent in this place.
 D = Time resting spent in this place.
 E = Time spent auto-exploring this place.
 F = Levels seen in this place.
 G = Mean time per level.
                   A        B        C        D        E       F      G
               +--------+--------+--------+--------+--------+-----+--------+
         Total |   1516 |   1420 |     96 |     36 |    834 |   3 |  505.3 |
       Dungeon |   1516 |   1420 |     96 |     36 |    834 |   3 |  505.3 |
               +--------+--------+--------+--------+--------+-----+--------+

Top non-repeatable levels by time:
     D:2: 750 daAuts
     D:1: 495 daAuts
     D:3: 270 daAuts
